General information
- name: BNet
- type: Ladder team game (AT/RT)
- host: Battle.net
- saver: SERIOUSCRAFT
map: TidewaterGlades
- players: 4
- length: 32:25
- speed: Fast
- version: 1.24 W3XP
- replay type: Public
» download(139 KB)
Players
team 1 (winner)
KeKeZergRush (
blue | 68 APM | 2189 actions | 32:24)
3 Mountain King
1 Storm Bolt
2 Bash
2 Paladin
1 Holy Light
1 Divine Shield
» actions
| Assign group hotkey | 17 | |
| Basic commands | 4 | |
| Build / train | 94 | |
| ESC pressed | 1 | |
| Enter build submenu | 67 | |
| Enter hero's abilities submenu | 5 | |
| Give item / drop item | 1 | |
| Remove unit from queue | 1 | |
| Right click | 803 | |
| Select / deselect | 324 | |
| Select group hotkey | 719 | |
| Use ability | 152 | |
2189 total
» units
| Peasant | 17 | |
| Mortar Team | 8 | |
| Dragonhawk Rider | 2 | |
27 total
» upgrades
| Masonry | 3 | |
| Lumber Harvesting | 2 | |
| Flare | 1 | |
| Gunpowder | 3 | |
| Cloud | 1 | |
| Fragmentation Shards | 1 | |
| Armor | 1 | |
| Barrage | 1 | |
| Plating | 3 | |
16 total
» buildings
| Altar of Kings | 1 | |
| Farm | 8 | |
| Lumber Mill | 1 | |
| Scout Tower | 63 | |
| Arcane Tower | 2 | |
| Guard Tower | 28 | |
| Keep | 1 | |
| Blacksmith | 1 | |
| Workshop | 2 | |
| Town Hall | 1 | |
| Gryphon Aviary | 1 | |
| Arcane Vault | 2 | |
| Castle | 1 | |
| Barracks | 1 | |
113 total
» build order
00:08 Altar of Kings
00:10 Farm
00:25 Lumber Mill
00:49 Farm
01:36 Scout Tower
01:38 Scout Tower
02:03 Arcane Tower
02:05 Guard Tower
02:08 Scout Tower
02:10 Scout Tower
02:53 Guard Tower
02:56 Scout Tower
02:57 Scout Tower
03:25 Arcane Tower
03:28 Scout Tower
03:29 Guard Tower
03:31 Scout Tower
03:58 Guard Tower
04:00 Scout Tower
04:11 Keep
04:14 Scout Tower
04:44 Guard Tower
05:49 Scout Tower
05:51 Scout Tower
05:52 Scout Tower
05:53 Scout Tower
06:01 Farm
06:04 Farm
06:12 Scout Tower
06:14 Scout Tower
06:14 Scout Tower
06:16 Scout Tower
06:17 Scout Tower
06:44 Blacksmith
07:02 Guard Tower
07:32 Guard Tower
07:59 Guard Tower
08:02 Workshop
08:06 Workshop
08:42 Guard Tower
08:45 Scout Tower
08:46 Scout Tower
10:01 Scout Tower
10:02 Scout Tower
10:09 Scout Tower
10:10 Scout Tower
10:13 Scout Tower
10:28 Town Hall
10:35 Guard Tower
10:40 Guard Tower
11:01 Scout Tower
11:02 Scout Tower
11:03 Scout Tower
11:29 Guard Tower
12:20 Guard Tower
12:26 Scout Tower
12:27 Scout Tower
12:38 Scout Tower
12:39 Scout Tower
12:41 Scout Tower
12:42 Guard Tower
12:45 Scout Tower
13:11 Guard Tower
13:17 Scout Tower
13:18 Scout Tower
13:28 Scout Tower
13:29 Scout Tower
13:30 Guard Tower
13:47 Guard Tower
13:52 Scout Tower
14:26 Guard Tower
15:40 Scout Tower
15:41 Scout Tower
15:42 Scout Tower
15:48 Guard Tower
15:57 Scout Tower
15:57 Scout Tower
15:58 Scout Tower
16:00 Scout Tower
16:07 Scout Tower
16:10 Scout Tower
16:12 Scout Tower
16:14 Scout Tower
16:23 Guard Tower
16:42 Gryphon Aviary
16:50 Arcane Vault
16:52 Arcane Vault
17:03 Guard Tower
17:27 Guard Tower
17:31 Scout Tower
17:43 Castle
17:49 Farm
18:11 Guard Tower
18:19 Guard Tower
21:25 Barracks
25:24 Scout Tower
25:24 Scout Tower
25:26 Scout Tower
25:27 Scout Tower
25:28 Scout Tower
25:29 Scout Tower
25:31 Scout Tower
26:40 Guard Tower
27:02 Guard Tower
27:32 Farm
27:32 Farm
27:33 Farm
27:39 Guard Tower
31:42 Scout Tower
31:43 Scout Tower
31:45 Scout Tower
31:45 Scout Tower
32:22 Guard Tower
» items
| Healing Salve | 1 | |
| Lesser Clarity Potion | 1 | |
| Boots of Speed | 2 | |
| Staff of Teleportation | 2 | |
| Orb of Lightning | 3 | |
| Staff of Sanctuary | 1 | |
| Scroll of Town Portal | 1 | |
11 total
SERIOUSCRAFT (
pink | 46 APM | 1494 actions | 32:25)
4 Blademaster
2 Wind Walk
2 Critical Strike
» actions
| Assign group hotkey | 8 | |
| Basic commands | 1 | |
| Build / train | 48 | |
| Enter build submenu | 28 | |
| Enter hero's abilities submenu | 4 | |
| Give item / drop item | 6 | |
| Remove unit from queue | 2 | |
| Right click | 887 | |
| Select / deselect | 223 | |
| Select group hotkey | 189 | |
| Use ability | 98 | |
1494 total
» units
» upgrades
| Spiked Barricades | 1 | |
| Ranged Weapons | 3 | |
| Armor | 3 | |
| Liquid Fire | 1 | |
| Reinforced Defenses | 1 | |
9 total
» buildings
| Altar of Storms | 1 | |
| Orc Burrow | 4 | |
| War Mill | 2 | |
| Voodoo Lounge | 1 | |
| Watch Tower | 24 | |
| Stronghold | 1 | |
| Beastiary | 3 | |
| Fortress | 1 | |
| Great Hall | 1 | |
38 total
» build order
00:08 Altar of Storms
00:20 Orc Burrow
00:53 War Mill
00:55 War Mill
01:14 Voodoo Lounge
02:18 Watch Tower
02:21 Watch Tower
02:35 Orc Burrow
02:50 Watch Tower
03:25 Watch Tower
03:30 Watch Tower
04:57 Watch Tower
05:00 Watch Tower
05:02 Watch Tower
05:06 Stronghold
06:06 Watch Tower
06:12 Watch Tower
06:15 Watch Tower
07:42 Beastiary
07:43 Beastiary
07:47 Beastiary
08:48 Fortress
08:55 Orc Burrow
09:00 Orc Burrow
10:45 Watch Tower
10:47 Watch Tower
10:49 Watch Tower
17:16 Great Hall
17:21 Watch Tower
17:22 Watch Tower
17:24 Watch Tower
17:49 Watch Tower
17:52 Watch Tower
17:53 Watch Tower
31:59 Watch Tower
32:01 Watch Tower
32:07 Watch Tower
32:09 Watch Tower
» items
| Healing Salve | 1 | |
| Lesser Clarity Potion | 1 | |
| Boots of Speed | 1 | |
| Staff of Teleportation | 2 | |
| Circlet of Nobility | 1 | |
| Orb of Lightning | 1 | |
7 total
team 2 (loser)

»
TheMania (
green | 55 APM | 1767 actions | 32:09)
4 Mountain King
2 Storm Bolt
2 Bash
4 Dark Ranger
2 Black Arrow
2 Life Drain
» actions
| Assign group hotkey | 27 | |
| Basic commands | 60 | |
| Build / train | 72 | |
| Enter build submenu | 27 | |
| Enter hero's abilities submenu | 8 | |
| Give item / drop item | 2 | |
| Remove unit from queue | 10 | |
| Right click | 691 | |
| Select / deselect | 292 | |
| Select group hotkey | 488 | |
| Use ability | 90 | |
1767 total
» units
| Peasant | 4 | |
| Footman | 8 | |
| Knight | 5 | |
| Dragonhawk Rider | 11 | |
| Siege Engine | 4 | |
32 total
» upgrades
| Defend | 1 | |
| Swords | 1 | |
| Plating | 2 | |
| Lumber Harvesting | 1 | |
| Animal War Training | 1 | |
| Masonry | 1 | |
| Cloud | 1 | |
| Barrage | 1 | |
| Gunpowder | 1 | |
10 total
» buildings
| Altar of Kings | 1 | |
| Barracks | 2 | |
| Farm | 10 | |
| Lumber Mill | 1 | |
| Keep | 1 | |
| Scout Tower | 16 | |
| Arcane Tower | 1 | |
| Arcane Vault | 1 | |
| Castle | 1 | |
| Blacksmith | 1 | |
| Guard Tower | 4 | |
| Gryphon Aviary | 2 | |
| Workshop | 3 | |
| Town Hall | 2 | |
46 total
» build order
00:12 Altar of Kings
00:20 Barracks
00:27 Farm
01:09 Lumber Mill
01:17 Farm
02:12 Farm
03:30 Keep
04:13 Scout Tower
04:43 Arcane Tower
05:39 Arcane Vault
07:35 Castle
07:40 Farm
07:41 Farm
07:42 Farm
07:42 Farm
09:18 Blacksmith
10:01 Barracks
11:48 Farm
16:50 Scout Tower
16:51 Scout Tower
16:52 Scout Tower
16:54 Scout Tower
16:55 Scout Tower
16:56 Scout Tower
16:57 Scout Tower
16:58 Scout Tower
17:00 Scout Tower
17:00 Scout Tower
17:02 Scout Tower
17:03 Scout Tower
17:04 Scout Tower
17:04 Scout Tower
17:05 Scout Tower
17:48 Guard Tower
18:25 Guard Tower
18:28 Gryphon Aviary
18:28 Gryphon Aviary
19:40 Guard Tower
22:31 Guard Tower
25:28 Workshop
25:28 Workshop
25:46 Town Hall
26:33 Farm
26:34 Farm
27:51 Town Hall
28:00 Workshop
» items
| Periapt of Vitality | 1 | |
| Potion of Mana | 1 | |
| Ivory Tower | 1 | |
3 total

»
unclebuck (
orange | 58 APM | 1879 actions | 32:23)
4 Death Knight
2 Death Coil
2 Unholy Aura
3 Lich
2 Frost Nova
1 Frost Armor
» actions
| Assign group hotkey | 47 | |
| Basic commands | 168 | |
| Build / train | 68 | |
| ESC pressed | 2 | |
| Enter build submenu | 26 | |
| Enter hero's abilities submenu | 7 | |
| Give item / drop item | 3 | |
| Right click | 802 | |
| Select / deselect | 420 | |
| Select group hotkey | 227 | |
| Use ability | 106 | |
1879 total
» units
| Acolyte | 9 | |
| Ghoul | 5 | |
| Crypt Fiend | 10 | |
| Obsidian Statue | 2 | |
| Meatwagon | 6 | |
| Necromancer | 3 | |
35 total
» upgrades
| Creature Attack | 2 | |
| Creature Carapace | 2 | |
| Web | 1 | |
| Skeletal Mastery | 1 | |
6 total
» buildings
| Crypt | 1 | |
| Altar of Darkness | 1 | |
| Ziggurat | 11 | |
| Graveyard | 1 | |
| Tomb of Relics | 2 | |
| Halls of the Dead | 1 | |
| Slaughterhouse | 2 | |
| Nerubian Tower | 4 | |
| Spirit Tower | 3 | |
| Temple of the Damned | 1 | |
| Necropolis | 1 | |
| Black Citadel | 1 | |
| Sacrificial Pit | 1 | |
30 total
» build order
00:14 Crypt
00:17 Altar of Darkness
00:35 Ziggurat
01:00 Graveyard
01:08 Tomb of Relics
01:45 Ziggurat
03:51 Halls of the Dead
04:54 Ziggurat
06:24 Slaughterhouse
07:24 Ziggurat
08:22 Slaughterhouse
09:49 Ziggurat
12:21 Nerubian Tower
12:22 Spirit Tower
13:56 Temple of the Damned
14:02 Ziggurat
15:38 Ziggurat
15:40 Ziggurat
15:41 Ziggurat
16:11 Nerubian Tower
16:47 Spirit Tower
17:25 Nerubian Tower
17:29 Nerubian Tower
18:30 Necropolis
18:40 Tomb of Relics
19:07 Ziggurat
19:07 Ziggurat
19:57 Black Citadel
21:09 Spirit Tower
26:12 Sacrificial Pit
» items
| Rod of Necromancy | 1 | |
| Circlet of Nobility | 1 | |
| Scroll of Regeneration | 1 | |
| Scroll of Town Portal | 4 | |
7 total
Chat log
(00:28 / Allies) KeKeZergRush: not sure
(00:37 / Allies) KeKeZergRush: yep yep
(01:46 / Allies) KeKeZergRush: think this choke bigger
(02:31 / Allies) KeKeZergRush: scout
(03:51 / Allies) KeKeZergRush: teching already
(08:39 / Allies) KeKeZergRush: sending 6 through ur base
(09:25 / Allies) KeKeZergRush: already un militiead
(10:45 / Allies) KeKeZergRush: lum if you got
(10:49 / All) unclebuck: b
(12:32 / Allies) KeKeZergRush: lumber if you got
(12:57 / Allies) KeKeZergRush: trying buddy
(14:08 / Allies) KeKeZergRush: sorry
(14:11 / Allies) KeKeZergRush: was healing mort
(16:05 / All) unclebuck: seriously?
(16:10 / All) TheMania: fuck that man
(16:15 / All) SERIOUSCRAFT: leave
(17:37 / Allies) KeKeZergRush: lum for castyle please
(17:39 / Allies) KeKeZergRush: if you got
(18:48 / Allies) KeKeZergRush: mains almost out
(19:04 / Allies) KeKeZergRush: cloud when castle finished
(19:12 / Allies) KeKeZergRush: that is going down
(19:42 / Allies) KeKeZergRush: ward
(21:55 / Allies) KeKeZergRush: going to cloud towers
(22:54 / Allies) KeKeZergRush: agil 2
(23:23 / All) unclebuck: seriously
(23:28 / All) unclebuck: ?
(25:36 / All) unclebuck: expo
(26:33 / Allies) KeKeZergRush: lonelt pease
(27:20 / Allies) KeKeZergRush: in 50 already
(28:45 / All) unclebuck: you guys r good
(31:34 / Allies) KeKeZergRush: go morts or tanks
(31:35 / Allies) KeKeZergRush: or mix
(32:05 / All) unclebuck: you guys earned
(32:08 / All) unclebuck: it
(32:12 / Allies) KeKeZergRush: haha
(32:13 / All) SERIOUSCRAFT: leave shitnoob
(32:15 / All) KeKeZergRush: you didnt
(32:17 / All) unclebuck: lol
(32:20 / All) unclebuck: gg nubs